Map: Dusk Towers

Players

hirekui - Winner!

  • Race: Terran Terran
  • League: Master

Ornel

  • Race: Zerg Zerg
  • League: Master

VOD

Have the link to the VOD?

Description

Time

  • Played on: Feb. 3, 2016, 10:26 p.m.
  • Length: 10:40
Show
View Real Time Build Order
Export as new Build Order

hirekui Terran - Winner!

Build Orders: Command Center First (CC), Bio Hellbat 

Get SALT Encoding   

  12  0:01  SCV  
  13  0:13  SCV  
  14  0:18  Supply Depot  
  14  0:25  SCV  
  15  0:39  SCV  
  16  0:51  SCV  
  17  1:00  Command Center  
  17  1:03  SCV  
  18  1:12  Barracks  
  18  1:17  SCV  
  19  1:27  Barracks  
  19  1:30  SCV  
  20  1:42  SCV  
  20  1:43  Barracks  
  21  1:50  Refinery  
  21  1:59  Orbital Command  
  21  2:01  Marine  
  22  2:11  Orbital Command  
  22  2:17  Marine  
  22  2:19  Marine  
  24  2:25  SCV  
  25  2:31  Marine  
  25  2:36  Marine  
  27  2:37  SCV  
  27  2:39  Marine, SCV  
  27  2:42  Supply Depot  
  30  2:46  Engineering Bay  
  30  2:50  SCV  
  31  2:52  SCV  
  31  2:54  Marine  
  31  2:55  Marine  
  34  3:01  Marine  
  34  3:02  SCV  
  36  3:08  SCV  
  37  3:14  Terran Infantry Weapons Level 1, SCV  
  37  3:16  Supply Depot  
  37  3:18  Marine x2  
  40  3:20  Barracks Tech Lab  
  40  3:21  SCV  
  40  3:27  SCV  
  42  3:33  SCV  
  43  3:35  Marine  
  43  3:36  Marine  
  43  3:39  Supply Depot, SCV  
  43  3:40  Marine  
  47  3:42  Combat Shields  
  47  3:50  SCV  
  47  3:51  SCV  
  47  3:53  Marine  
  50  3:57  Marine, Command Center  
  50  4:00  Marine  
  50  4:01  Refinery  
  52  4:03  SCV  
  52  4:04  Supply Depot  
  52  4:06  SCV  
  54  4:11  Marine  
  54  4:15  Marine, SCV  
  57  4:18  SCV  
  57  4:20  Factory  
  57  4:22  Marine  
  59  4:25  Refinery  
  59  4:27  SCV, Refinery  
  59  4:31  Supply Depot  
  60  4:32  Marine, SCV  
  60  4:33  Marine  
  63  4:39  SCV  
  63  4:44  SCV  
  63  4:45  Marine  
  66  4:51  SCV  
  66  4:52  Marine x2  
  67  4:56  Supply Depot  
  67  4:57  SCV  
  70  5:02  Bunker  
  70  5:03  Marine, SCV  
  70  5:04  Stimpack  
  72  5:08  Terran Infantry Armor Level 1  
  72  5:09  SCV  
  72  5:10  Marine  
  74  5:15  SCV  
  68  5:30  Marine x3, Orbital Command  
  68  5:35  SCV x2  
  67  5:36  Factory Tech Lab  
  67  5:40  Starport  
  67  5:42  Armory, Barracks  
  65  5:43  Barracks  
  65  5:47  SCV x2  
  67  5:50  Marine x2, Supply Depot  
  67  5:51  Marine  
  70  5:59  SCV x2  
  70  6:00  Orbital Command  
  69  6:11  SCV  
  69  6:12  Supply Depot  
  69  6:13  Marine x2  
  69  6:18  SCV  
  73  6:20  Siege Tank  
  73  6:23  Starport Reactor, SCV  
  78  6:27  Supply Depot  
  78  6:30  SCV x2  
  81  6:36  SCV  
  81  6:37  Barracks Reactor x2  
  81  6:38  Barracks Reactor, Supply Depot  
  80  6:45  SCV x2  
  82  6:47  Barracks Reactor, Marine  
  82  6:48  SCV  
  82  6:51  Supply Depot  
  84  6:57  Missile Turret  
  84  6:58  SCV x2  
  84  6:59  Missile Turret  
  84  7:00  SCV  
  87  7:01  Missile Turret  
  87  7:04  Terran Infantry Weapons Level 2  
  87  7:05  Factory Reactor  
  87  7:06  Engineering Bay  
  87  7:07  Terran Vehicle Weapons Level 1  
  87  7:10  SCV x2  
  87  7:11  Refinery  
  87  7:12  SCV  
  87  7:14  Supply Depot  
  87  7:15  Marine x3  
  90  7:16  Marine x3, Supply Depot  
  90  7:17  Medivac  
  90  7:18  Medivac  
  90  7:21  Factory  
  90  7:22  SCV x2  
  102  7:24  SCV  
  102  7:29  Marine x3  
  106  7:32  Terran Infantry Armor Level 2  
  106  7:33  Marine  
  106  7:34  SCV x2  
  109  7:37  Marine x2  
  109  7:40  Supply Depot  
  109  7:41  Marine x2, Supply Depot  
  109  7:42  Marine  
  109  7:43  Hellbat  
  109  7:44  Hellbat  
  118  7:47  Medivac  
  118  7:48  Medivac  
  122  7:52  Marine x4  
  122  7:56  Marine x2  
  128  8:03  Command Center  
  128  8:04  Marine x2  
  130  8:07  Infernal Pre-Igniter  
  130  8:08  Hellbat x2  
  130  8:09  Hellbat  
  136  8:21  Barracks  
  136  8:22  Barracks  
  136  8:24  Barracks  
  136  8:32  Marine x2  
  136  8:33  Marine x5  
  134  8:34  Hellbat x2  
  134  8:36  Hellbat  
  134  8:37  Medivac x2  
  134  8:38  Marine x2  
  140  8:58  Marine x5  
  140  8:59  Marine x4  
  147  9:04  Hellbat x2  
  147  9:05  Hellbat  
  147  9:07  Medivac x2  
  157  9:11  Supply Depot  
  157  9:14  Supply Depot  
  157  9:16  Marine x2  
  159  9:22  Marine x4  
  159  9:23  Barracks Reactor x2, Marine  
  159  9:24  Barracks Tech Lab  
  164  9:29  Marine x2  
  163  9:34  Marine x2  
  165  9:40  Marine x4  
  165  9:41  Marine  
  166  9:46  Marine  
  166  9:47  Marine  
  166  9:48  Marine  
  166  9:51  Hellbat x3, Medivac x2  
  166  9:52  Marine x2, Orbital Command  
  173  10:01  Marine x4  
  173  10:02  Marine  
  173  10:04  Marauder  
  182  10:07  Marauder  
  182  10:12  Marine x3  
  182  10:13  Marine  
  182  10:14  Factory  
  186  10:21  Marine x4  
Show
View Real Time Build Order
Export as new Build Order

Ornel Zerg 

Build Orders: Hatch First 

Get SALT Encoding   

  12  0:00  Drone  
  13  0:13  Overlord  
  13  0:18  Drone  
  14  0:31  Drone x2  
  16  0:38  Drone  
  17  0:48  Drone  
  18  0:55  Hatchery  
  17  0:58  Drone  
  18  1:06  Extractor  
  17  1:14  Spawning Pool  
  17  1:17  Drone  
  17  1:20  Drone  
  18  1:29  Drone  
  19  1:39  Overlord  
  19  2:00  Queen  
  21  2:01  Zergling x4  
  23  2:10  Metabolic Boost  
  23  2:15  Hatchery  
  23  2:21  Queen  
  24  2:28  Drone x2  
  26  2:40  Spine Crawler  
  26  2:43  Drone x3  
  29  2:56  Overlord  
  29  3:14  Queen  
  29  3:18  Drone x4  
  35  3:28  Drone x2  
  35  3:29  Drone x2  
  35  3:31  Overlord x2  
  35  3:32  Queen  
  41  3:41  Overlord  
  41  3:48  Pneumatized Carapace  
  41  3:50  Drone x5  
  46  3:59  Drone  
  47  4:03  Drone x3  
  50  4:14  Drone x5  
  55  4:24  Drone x3  
  58  4:39  Zergling x10  
  58  4:40  Zergling x2  
  58  4:41  Hatchery  
  58  4:45  Zergling x6  
  66  4:48  Overlord x3  
  65  4:55  Overlord  
  65  4:58  Spine Crawler  
  64  5:00  Spine Crawler  
  64  5:05  Zergling x6  
  64  5:06  Zergling x4  
  68  5:08  Zergling x2  
  46  5:37  Zergling x2  
  46  5:38  Zergling x18  
  56  5:49  Burrow  
  56  5:52  Baneling Nest  
  55  6:02  Queen  
  57  6:04  Drone x5  
  57  6:05  Drone x4  
  57  6:07  Lair, Extractor, Hatchery  
  57  6:08  Extractor  
  62  6:18  Evolution Chamber, Drone x4  
  64  6:19  Evolution Chamber, Drone  
  65  6:33  Drone x4  
  65  6:36  Drone x2  
  71  6:41  Extractor  
  71  6:46  Zerg Melee Weapons Level 1  
  70  6:49  Zergling x16  
  70  6:52  Zerg Ground Armor Level 1  
  78  6:56  Drone  
  78  6:57  Extractor  
  78  7:09  Drone x3  
  78  7:11  Drone x3  
  78  7:13  Drone  
  78  7:14  Extractor  
  78  7:15  Centrifical Hooks  
  84  7:17  Zergling x8  
  84  7:18  Zergling x10  
  93  7:25  Queen  
  93  7:26  Overlord x3  
  93  7:27  Overlord x2  
  95  7:35  Drone  
  96  7:37  Infestation Pit  
  96  7:39  Drone x3  
  98  7:45  Drone x7  
  98  7:46  Drone x3  
  108  7:53  Drone x2  
  108  7:54  Drone x2  
  112  8:01  Queen  
  114  8:11  Baneling  
  114  8:12  Baneling x10  
  114  8:13  Baneling x8  
  114  8:14  Zergling x2  
  114  8:15  Zergling x24  
  119  8:39  Drone x4  
  119  8:40  Drone x4  
  123  8:42  Extractor  
  123  8:43  Extractor  
  123  8:44  Spire  
  116  8:57  Zergling x2  
  116  8:58  Zergling x24  
  128  9:03  Drone x3  
  128  9:06  Hive  
  128  9:09  Drone x3  
  134  9:10  Spore Crawler  
  131  9:29  Zergling x14  
  122  9:52  Drone x3  
  123  10:04  Corruptor x8  
  123  10:05  Spore Crawler, Corruptor  
  123  10:06  Spine Crawler  
Tags
 
Add a new tag
Caveats
  • Supply blocks, unpowered buildings, or Contaminate may cause inaccurate times.
  • Supply counts are checked every 10 seconds.